 Dungeon Crawl Stone Soup version 0.26.0-9-gab577f9fc5 (webtiles) character file.

Game seed: 5341978232859524465

74 Froggeryz the Skirmisher (level 4, 0/38 HPs)
             Began as a Hill Orc Hedge Wizard on Jan 13, 2021.
             Was an Initiate of Gozag.
             Slain by an orc wizard
             ... wielding a +0 dagger
              (3 damage)
             ... on level 3 of the Dungeon.
             The game lasted 00:03:26 (2027 turns).

Froggeryz the Skirmisher (Hill Orc Hedge Wizard)    Turns: 2027, Time: 00:03:26

Health: 0/38       AC:  5    Str: 12 (15) XL:     4   Next: 30%
Magic:  7/7        EV: 10    Int: 12 (14) God:    Gozag
Gold:   278        SH:  0    Dex:  8 (10) Spells: 6/7 levels left

rFire    + . .     SeeInvis .   z - +0 hand axe
rCold    + + .     Faith    .   (no shield)
rNeg     . . .     Spirit   .   e - +0 ring mail
rPois    +         Reflect  .   c - +0 hat
rElec    +         Harm     .   (no cloak)
rCorr    +         Rampage  .   (no gloves)
Will     .....                  (no boots)
Stlth    ++........             w - amulet of regeneration
HPRegen  0.52/turn              q - ring of stealth
MPRegen  0.10/turn              (no ring)

@: brilliant, resistant
A: cold resistance 1, deterioration 1, strong 1
a: Renounce Religion, Potion Petition, Call Merchant, Bribe Branch


You were on level 3 of the Dungeon.
You worshipped Gozag.
Gozag was aware of your devotion.
You visited 1 branch of the dungeon, and saw 3 of its levels.

You collected 278 gold pieces.

Inventory:

Hand Weapons
 a - a +0 dagger
 f - a +0 hunting sling
 z - a +0 hand axe (weapon)
Missiles
 d - 35 poisoned darts (quivered)
 v - 57 stones
Armour
 b - a +0 robe
 c - a +0 hat (worn)
 e - a +0 ring mail (worn)
Jewellery
 q - a ring of stealth (left hand)
 w - an amulet of regeneration (around neck)
Wands
 B - a wand of flame (24)
Scrolls
 j - 2 scrolls of identify
 k - 2 scrolls of blinking
 n - 2 scrolls of magic mapping {unknown}
 o - a scroll of immolation {unknown}
 s - 2 scrolls of remove curse
 t - a scroll of teleportation {unknown}
 x - a scroll of random uselessness {unknown}
 y - a scroll of fear
Potions
 i - 2 potions of attraction
 p - a potion of degeneration
 r - 2 potions of mutation


   Skills:
 - Level 3.5 Fighting
 * Level 2.9 Axes
 - Level 1.5 Dodging
 - Level 1.5 Stealth
 - Level 2.4 Spellcasting
 - Level 1.0 Conjurations
 - Level 1.0 Summonings
 - Level 0.7 Translocations


You had 6 spell levels left.
You knew the following spells:

 Your Spells              Type           Power        Failure   Level
a - Magic Dart            Conj           20%          36%         1

Your spell library contained the following spells:

 Spells                   Type           Power        Failure   Level
 Call Imp                 Summ           5%           52%         2
 Blink                    Tloc           N/A          56%         2
 Slow                     Hex            2%           65%         2
 Conjure Flame            Conj/Fire      3%           82%         3
 Mephitic Cloud           Conj/Pois/Air  3%           83%         3


Dungeon Overview and Level Annotations

Branches:
Dungeon (3/15)

Altars:
Gozag


Innate Abilities, Weirdness & Mutations

Your flesh is cold resistant. (rC+)
Your body sometimes deteriorates upon taking damage.
Your muscles are strong. (Str +2)


Message History

It was a potion of resistance.
You feel protected.
The orc wizard hits you but does no damage.
Something hits you but does no damage.
The orc wizard hits you with a +0 dagger.
* * * LOW HITPOINT WARNING * * *
You hit the orc wizard.
The orc wizard is heavily wounded.
You miss something. Something hits you but does no damage.
The orc wizard points at you and mumbles some strange words.
The puff of frost hits you. You resist.
* * * LOW HITPOINT WARNING * * *
Something hits you.
* * * LOW HITPOINT WARNING * * *
You closely miss the orc wizard.
The orc wizard is heavily wounded.
You miss something.
The orc wizard hits you with a +0 dagger.
You die...
Your body crumbles into a pile of gold.

#.# #..
#############.# #..
#.....#....##.### #..
#..#..#..#......# #..
#ro#..#..#....#.###..
#..#..#..####........
##.##r##.## #...####.
#..#{o#..# #........
#..#.@#..# #...#####
..##########..#..#..#
#........
#.............#.....#
#..######
###.....##########
#..# #.##### #..#####
#.# #......# #.#
##.###.# #)# #.# #.#
#.# $ #.# #.#


You could see an orc wizard (fast) and a quokka.

Vanquished Creatures
  2 adders (D:3)
  An ooze (D:3)
  A worm (D:2)
  A dart slug (D:2)
  A leopard gecko (D:1)
  3 orcs (D:3)
  4 goblins
  6 hobgoblins
  4 jackals (D:1)
  A ball python (D:3)
  3 bats
  7 frilled lizards
  5 kobolds
  5 rats
44 creatures vanquished.

Notes
Turn   | Place    | Note
-------+----------+-------------------------------------------
     0 | D:1      | Froggeryz the Hill Orc Hedge Wizard began the quest for the
                  | Orb.
     0 | D:1      | Reached XP level 1. HP: 14/14 MP: 3/3
    66 | D:1      | Reached skill level 1 in Fighting
   475 | D:1      | Reached XP level 2. HP: 19/24 MP: 5/5
   476 | D:1      | Reached skill level 2 in Fighting
   932 | D:2      | Found a faded altar of an unknown god.
   966 | D:2      | Became a worshipper of Gozag Ym Sagoz the Greedy
  1051 | D:2      | Reached skill level 3 in Fighting
  1056 | D:2      | Reached XP level 3. HP: 31/31 MP: 6/6
  1739 | D:3      | Reached skill level 1 in Axes
  1916 | D:3      | Reached XP level 4. HP: 38/38 MP: 7/7
  1994 | D:3      | Gained mutation: Your body sometimes deteriorates upon
                  | taking damage. [potion of mutation]
  1994 | D:3      | Gained mutation: Your muscles are strong. (Str +2) [potion
                  | of mutation]
  1994 | D:3      | Gained mutation: Your flesh is cold resistant. (rC+)
                  | [potion of mutation]
  2027 | D:3      | Slain by an orc wizard

Illustrated notes

Levels and vault maps discovered:
D:1:      ncdulo_halloftheorcs, layout_rooms
D:2:      layout_basic, chequers_ecumenical_altar_twisty
D:3:      minmay_angry_zag, layout_loops_ring, marbit_many_paths

Skill      XL: |  1  2  3 |
---------------+----------+-----
Fighting       | 1 3 |  3.5
Axes           | 2 |  2.9
Dodging        | |  1.5
Stealth        | |  1.5
Spellcasting   | |  2.4
Conjurations   | |  1.0
Summonings     | |  1.0
Translocations | |  0.7

Action                   |  1- 3 |  4- 6 || total
-------------------------+-------+-------++-------
Melee: Dagger            |    96 |       ||    96
       Hand axe          |       |     7 ||     7
 Fire: Hunting sling     |    99 |    26 ||   125
  Use: Potion            |       |     9 ||     9
       Scroll            |       |     3 ||     3
Armor: Ring mail         |    52 |    18 ||    70
Dodge: Dodged            |    85 |     9 ||    94
